[Event "Early-Titled-Tuesday-Blitz-April-16-2024"]
[Site "Chess.com"]
[Date "2024.04.16"]
[Round "6"]
[White "sonicdravise"]
[Black "knightinshiningarmour16"]
[Result "1-0"]
[WhiteElo "2603"]
[BlackElo "2337"]
[TimeControl "180+1"]
[EndTime "9:08:48 PDT"]
[Termination "sonicdravise won by checkmate"]

1. d4 Nf6 2. c4 e6 3. Nc3 d5 4.
cxd5 exd5 5. Bg5 c6 6. e3 Bf5 7. Qf3 Bg6 8. Bxf6 Qxf6 9. Qxf6 gxf6 10. Nf3 Bd6 11. Nh4 Nd7 12. f4 f5 13. Bd3 O-O-O 14.
Nxf5 Bb4 15. Kd2 Kb8 16. a3 Ba5 17. b4 Bc7 18. Rhc1 Nb6 19. b5 Rhe8 20. bxc6 bxc6 21. Rab1 Ka8 22. g4 h5 23. h3 hxg4 24. hxg4 Bxf5 25. gxf5 Rh8 26. Rh1 Rdg8 27. Rxh8 Rxh8 28. Rg1 Rh2+ 29. Ne2 Kb7 30. Rg7 f6 31. Rf7 Na4 32. Rxf6 Ba5+ 33. Kd1 Nb2+ 34. Kc2 Nxd3 35. Kxd3 Rh1 36. Nc3 Ra1 37. Rf7+ Kb6 38. Na4+ Kb5 39. Nc5 Rxa3+ 40. Ke2 Ra2+ 41. Kf3 Bb6 42. Rb7 Ra3 43. f6 Kc4 44.
f7 Bxc5 45. dxc5 d4 46. f8=Q Rxe3+ 47. Kf2 Re4 48. Rxa7 d3 49. Ra4+ Kd5 50. Qd8+ Kxc5 51. Rxe4 d2 52. Qxd2 Kb6 53. Qb4+ Kc7 54. Re7+ Kd8 55.
Qd6+ Kc8 56. Qc7# 1-0

[Event "Early-Titled-Tuesday-Blitz-April-16-2024"]
[Site "Chess.com"]
[Date "2024.04.16"]
[Round "6"]
[White "Attacker_2006"]
[Black "ChessSwole"]
[Result "1-0"]
[WhiteElo "2441"]
[BlackElo "2675"]
[TimeControl "180+1"]
[EndTime "9:08:48 PDT"]
[Termination "Attacker_2006 won by resignation"]

1. e4 e5 2. Nc3 Nf6 3. Bc4 Nc6 4. d3 Bc5 5. f4 exf4 6. Bxf4 O-O 7. Nf3 Nd4 8. Qd2 c6 9. O-O-O d5 10.
exd5 cxd5 11. Bb3 Bg4 12. Rdf1 Re8 13. Ne5 Bh5 14. g4 Nxb3+ 15. axb3 Nxg4 16. Nxg4 Bxg4 17. Qg2 Be6 18. Be5 g6 19. h4 h5 20. Qg3 Bg4 21. Qf4 Rxe5 22. Qxe5 Be6 23. Qg3 Bd6 24. Qg2 Qa5 25.
Kb1 Be5 26. Ne2 Rc8 27. Nf4 Bf5 28. Qxd5 Qc7 29. Rh2 Bxf4 30. Rg2 Be6 31. Rxg6+ Kf8 32. Rxe6 fxe6 33. Qxe6 Kg7 34. Rg1+ Bg3 35. Qe3 Kh7 36.
Rxg3 Rg8 37. Qe4+ Kh8 38. Qd4+ Kh7 39. Qe4+ Kh8 40. Rg6 Rxg6 41. Qxg6 Qe5 42. Qg5 Qe1+ 43. Ka2 Qe2 44. Qd8+ Kh7 45. Qc7+ Kh6 46. Qxb7 Qxc2 47.
Qa6+ Kh7 48. Qc4 Kg6 49. Qxc2 1-0

[Event "Early-Titled-Tuesday-Blitz-April-16-2024"]
[Site "Chess.com"]
[Date "2024.04.16"]
[Round "6"]
[White "WindWhistler11"]
[Black "Smiechu"]
[Result "1-0"]
[WhiteElo "2517"]
[BlackElo "2365"]
[TimeControl "180+1"]
[EndTime "9:08:48 PDT"]
[Termination "WindWhistler11 won by checkmate"]

1. Nf3 d5 2. g3 Nf6 3. c4 e6 4. Bg2 Be7 5. O-O O-O 6. b3 c6 7. Bb2 Nbd7 8. e3 a5 9. Nc3 Qc7 10. Rc1 dxc4 11. bxc4 Qb6 12. Rb1 Qa6 13. d3 a4 14. a3 Nc5 15. Nd4 Rd8 16. f4 Nxd3 17.
Qxd3 c5 18. Ncb5 Qb6 19. Ba1 cxd4 20. exd4 Bd7 21. Kh1 Bc6 22. Qe2 Bxg2+ 23. Qxg2 Qc6 24. Rfc1 Rac8 25. Na7 Qxg2+ 26. Kxg2 Rc7 27. c5 Nd5 28.
Kf3 b6 29. Nb5 Rc6 30. Na7 Rc7 31. cxb6 Rxc1 32. Rxc1 Nxb6 33. Nc6 Bxa3 34. Rc3 Rc8 35. Ke4 Kf8 36. Rxa3 Rxc6 37. Bc3 Nd5 38. Ba5 Ra6 39. Rxa4 Rxa5 40. Rxa5 Ke7 41. Rxd5 exd5+ 42. Kxd5 Kd7 43. Kc5 Kc7 44. d5 Kd7 45. d6 Kd8 46. Kc6 Kc8 47. d7+ Kd8 48. Kd6 h6 49. f5 h5 50. h3 h4 51. gxh4 g6 52. f6 g5 53. h5 g4 54. h6 gxh3 55. h7 h2 56. h8=Q# 1-0

[Event "Early-Titled-Tuesday-Blitz-April-16-2024"]
[Site "Chess.com"]
[Date "2024.04.16"]
[Round "6"]
[White "santosalberto1987"]
[Black "vovachesss"]
[Result "1/2-1/2"]
[WhiteElo "2574"]
[BlackElo "2759"]
[TimeControl "180+1"]
[EndTime "9:08:50 PDT"]
[Termination "Game drawn - insufficient material"]

1. e4 c5 2. Nf3 e6 3. g3 d5 4.
exd5 exd5 5. d4 Nf6 6. Bg2 Be7 7. O-O O-O 8. dxc5 Bxc5 9. Nbd2 Nc6 10. Nb3 Bb6 11. c3 h6 12. Nbd4 Re8 13. Be3 Ne4 14. Re1 Be6 15. Nd2 Nxd4 16. Bxd4 Bxd4 17. cxd4 Bf5 18.
Nb3 Qd7 19. Nc5 Qb5 20. Nxe4 Bxe4 21. Bxe4 dxe4 22. Qb3 Qxb3 23. axb3 a6 24. Rac1 Re7 25.
Rc4 Rd8 26. d5 Rxd5 27. Rcxe4 Rxe4 28. Rxe4 Rd2 29. Re8+ Kh7 30. Re7 b5 31. Rxf7 Rxb2 32. Ra7 Rxb3 33. Rxa6 Rb1+ 34. Kg2 b4 35. Rb6 b3 36. h4 Kg8 37. h5 Kf7 38. Kf3 Ke7 39. Rb7+ Kf6 40. g4 b2 41. Rb5 Ke6 42. Kg2 Kd6 43. Rb8 Ke5 44. f3 Kf4 45. Rf8+ Ke3 46. Re8+ Kf4 47. Rf8+ Kg5 48. Rf5+ Kh4 49. Rb5 Rc1 50.
Rxb2 Rc7 51. Re2 Ra7 52. Rf2 Rb7 53. Rd2 Ra7 54. Kf2 Kh3 55. Rd6 Ra2+ 56. Ke3 Kg3 57.
Rg6 Ra3+ 58. Ke4 Rxf3 59. Rxg7 Rf4+ 60. Ke3 Rxg4 61. Rxg4+ Kxg4 62. Kf2 Kxh5 63. Kg1 Kg6 64. Kh1 h5 65. Kh2 h4 66. Kh3 Kf7 67. Kxh4 1/2-1/2

[Event "Early-Titled-Tuesday-Blitz-April-16-2024"]
[Site "Chess.com"]
[Date "2024.04.16"]
[Round "6"]
[White "Silvederione"]
[Black "kripri"]
[Result "0-1"]
[WhiteElo "2504"]
[BlackElo "2363"]
[TimeControl "180+1"]
[EndTime "9:08:50 PDT"]
[Termination "kripri won by resignation"]

1. d4 d5 2. Nc3 Nf6 3. Bf4 a6 4. e3 e6 5. Bd3 c5 6. dxc5 Bxc5 7. Nf3 O-O 8. O-O Nc6 9. e4 d4 10. e5 dxc3 11. exf6 g6 12. Bg5 cxb2 13. Rb1 e5 14.
Rxb2 Re8 15. Be4 Qc7 16. h3 Be6 17. Qb1 Rab8 18. Rd1 Bc4 19. c3 b5 20. a4 bxa4 21.
Rxb8 Rxb8 22. Qa1 Bb3 23. Rb1 Na5 24. Be3 Bxe3 25. fxe3 Qc5 26. Kf2 Nc4 27. Re1 a3 28.
Re2 Ba4 29. Nd2 Rb2 30. Nxc4 Rxe2+ 31. Kxe2 Qxc4+ 32. Bd3 Qc6 33. Qxa3 Qxg2+ 34. Ke1 Qg1+ 35. Kd2 Qf2+ 36. Kc1 Qe1+ 37. Kb2 Qd2+ 38. Ka1 Qd1+ 39. Bb1 Bc2 40. Qb2 Qxb1+ 41. Qxb1 Bxb1 42. Kxb1 g5 43. c4 Kf8 44. c5 Ke8 45. Kc2 h5 46. Kd3 Kd7 47. Ke4 a5 48. Kxe5 a4 49. Kf5 a3 50.
Kxg5 a2 51. e4 a1=Q 52. Kf5 Qd4 53. e5 Qxc5 54. Kf4 Ke6 55. h4 Qxe5+ 56. Kf3 Kxf6 57. Kg2 Kf5 58. Kh3 Kf4 59. Kg2 Kg4 60. Kf2 Qe4 61. Kg1 Kg3 0-1

[Event "Early-Titled-Tuesday-Blitz-April-16-2024"]
[Site "Chess.com"]
[Date "2024.04.16"]
[Round "6"]
[White "GreenPeach24"]
[Black "campochess"]
[Result "1-0"]
[WhiteElo "2448"]
[BlackElo "2218"]
[TimeControl "180+1"]
[EndTime "9:08:50 PDT"]
[Termination "GreenPeach24 won by checkmate"]

1. e4 c5 2. Nf3 Nc6 3. Bb5 e5 4. c3 Bd6 5. Na3 Bc7 6. Nc4 d6 7.
d4 a6 8. Bxc6+ bxc6 9. dxc5 d5 10. exd5 cxd5 11. Ncxe5 Nf6 12. O-O O-O 13. Be3 Re8 14. Bd4 Ne4 15. Re1 f6 16. Nc6 Qd7 17. Nb4 a5 18. Nc2 Ba6 19. Ne3 Rad8 20. b4 Kh8 21. a4 Nxc3 22. Bxc3 axb4 23. Bxb4 d4 24. Nf1 Qg4 25. Qxd4 Qxd4 26. Nxd4 Be5 27. Rad1 h5 28. Nf3 Bc7 29. Rxe8+ Rxe8 30. Ne3 Re4 31. Rd4 Re8 32. Rd7 Bf4 33. Bd2 Be2 34. Nd4 Bd3 35. g3 Be5 36. c6 Rc8 37. Nb5 Be4 38. c7 Bc6 39. Rd8+ Rxd8 40. cxd8=Q+ Kh7 41. Qd3+ g6 42. Nc4 Ba1 43. Bf4 Kg7 44. Nb6 g5 45. Be3 h4 46.
Nd4 hxg3 47. hxg3 Bb7 48. Nf5+ Kg6 49. Qd7 Be4 50. Nd6 Bf3 51. Qf7+ Kh6 52. Nf5# 1-0

[Event "Early-Titled-Tuesday-Blitz-April-16-2024"]
[Site "Chess.com"]
[Date "2024.04.16"]
[Round "6"]
[White "Pelusiansky"]
[Black "SharapovEvgeny"]
[Result "1/2-1/2"]
[WhiteElo "2547"]
[BlackElo "2655"]
[TimeControl "180+1"]
[EndTime "9:08:51 PDT"]
[Termination "Game drawn - insufficient material"]

1. c4 c5 2. Nc3 Nc6 3. g3 g6 4.
Bg2 Bg7 5. e4 e6 6. Nge2 Nge7 7.
O-O O-O 8. d3 d6 9. Be3 Nd4 10.
Rb1 a5 11. Nb5 Nec6 12. a4 Nxb5 13. axb5 Nd4 14. Nxd4 Bxd4 15. Bxd4 cxd4 16. f4 f5 17. exf5 gxf5 18. Qd2 Kh8 19. Ra1 Ra7 20. b4 b6 21.
Ra2 e5 22. Rfa1 Rg7 23. bxa5 bxa5 24. Qxa5 Qf6 25. Qd2 h5 26. Ra7 h4 27. Rxg7 Qxg7 28.
Qf2 h3 29. Bh1 Bb7 30. Ra7 Rf7 31. Bxb7 Rxb7 32. Ra8+ Kh7 33. Qf3 Kh6 34. Qc6 Rd7 35.
fxe5 Qxe5 36. Qf3 Qe1+ 37. Qf1 Qe3+ 38. Kh1 Kg6 39. Rg8+ Kf7 40. Ra8 Kg6 41. g4 fxg4 42.
Rg8+ Rg7 43. Rxg7+ Kxg7 44. b6 Qd2 45. Qg1 Qe2 46.
Qxd4+ Kf7 47. Qd5+ Ke7 48. Qe4+ Qxe4+ 49. dxe4 Kd7 50. Kg1 Kc6 51. Kf2 Kxb6 52. Kg3 Kc5 53. Kxg4 Kxc4 54. Kxh3 Kd4 55. Kg3 Kxe4 56. h4 Kf5 57.
Kf3 Kg6 58. Ke4 Kh5 59. Kd5 Kxh4 60. Kxd6 1/2-1/2

[Event "Early-Titled-Tuesday-Blitz-April-16-2024"]
[Site "Chess.com"]
[Date "2024.04.16"]
[Round "6"]
[White "RebelJohnny"]
[Black "Josgar05"]
[Result "0-1"]
[WhiteElo "2603"]
[BlackElo "2459"]
[TimeControl "180+1"]
[EndTime "9:08:51 PDT"]
[Termination "Josgar05 won on time"]

1. e4 g6 2. d4 Bg7 3. Nc3 c6 4. Nf3 d5 5. e5 Nh6 6. h3 O-O 7. Bf4 f6 8. exf6 exf6 9. Qd2 Nf5 10. O-O-O Nd6 11. Bh6 Nd7 12. Bxg7 Kxg7 13. g4 Nb6 14. b3 a5 15. Bd3 a4 16. Kb2 axb3 17. axb3 Qe7 18. Nb1 Qc7 19. Qb4 Nd7 20. Nc3 b6 21.
Ra1 Bb7 22. Rxa8 Rxa8 23. Ra1 c5 24. dxc5 bxc5 25. Nb5 Qb6 26. Qf4 Nxb5 27. Rxa8 Bxa8 28. g5 Qa5 29. gxf6+ Nxf6 30. Bxb5 Qxb5 31. Qc7+ Qd7 32.
Qxc5 d4 33. Nxd4 Be4 34. Qe5 Bd5 35. c4 Bf7 36. Kc3 Qa7 37. f3 Qa1+ 38. Kb4 Qa7 39. Kc3 Qb6 40. b4 Kg8 41. c5 Qa6 42. Nb3 Nd7 43. Qd6 Qc4+ 44. Kd2 Qxb3 45. Qxd7 Qxb4+ 46. Ke2 Qxc5 47. f4 Qd5 48. Qc8+ Kg7 49. Qc3+ Kh6 50. Qe3 Qc4+ 51. Kf2 Bd5 52. Kg3 Qb3 0-1

[Event "Early-Titled-Tuesday-Blitz-April-16-2024"]
[Site "Chess.com"]
[Date "2024.04.16"]
[Round "6"]
[White "Louis-Paulsen-Fan"]
[Black "wild3000"]
[Result "1/2-1/2"]
[WhiteElo "2362"]
[BlackElo "2508"]
[TimeControl "180+1"]
[EndTime "9:08:51 PDT"]
[Termination "Game drawn by repetition"]

1. d4 d5 2. Nf3 c6 3. c4 Nf6 4. Nc3 g6 5. cxd5 Nxd5 6. e4 Nxc3 7. bxc3 Bg7 8. Be2 O-O 9. O-O Nd7 10. Ba3 Re8 11. Qb3 e6 12. Rad1 b6 13. c4 Bb7 14.
Rfe1 Qc7 15. h3 c5 16. d5 exd5 17. exd5 Ne5 18. Bb2 Nxf3+ 19. Bxf3 Qd6 20. Bxg7 Kxg7 21.
Qc3+ Kg8 22. Rxe8+ Rxe8 23. Re1 Rxe1+ 24. Qxe1 Kf8 25.
Qe3 h5 26. Qh6+ Ke7 27. Qh8 Ba6 28. Qa8 Bxc4 29. Qxa7+ Kf8 30. Qa8+ Kg7 31. a4 h4 32. Qc6 Qe5 33. d6 Qe1+ 34. Kh2 Qe5+ 35. Kg1 Qe1+ 36. Kh2 Be6 37. Qxb6 Qxf2 38. a5 Qg3+ 39. Kg1 Qe1+ 40. Kh2 Qe5+ 41. Kg1 c4 42. a6 c3 43. Qc6 Bf5 44.
a7 c2 45. a8=Q Qe1+ 46. Kh2 Qg3+ 47. Kh1 Qe1+ 48. Kh2 c1=Q 49. Qxc1 Qxc1 50. Qc6 Qf4+ 51. Kg1 Qe3+ 52. Kh2 Qe5+ 53. Kg1 Qa1+ 54. Kh2 Qa7 55. Qc3+ Kh7 56. Qf6 Qa4 57. Qxf7+ Kh6 58. Qf8+ Kg5 59. Qe7+ Kh6 60. Qf8+ Kg5 61. Qe7+ Kh6 62. Qf8+ 1/2-1/2

[Event "Early-Titled-Tuesday-Blitz-April-16-2024"]
[Site "Chess.com"]
[Date "2024.04.16"]
[Round "6"]
[White "tetrix83"]
[Black "NastyaHn"]
[Result "1-0"]
[WhiteElo "2623"]
[BlackElo "2482"]
[TimeControl "180+1"]
[EndTime "9:08:53 PDT"]
[Termination "tetrix83 won on time"]

1. Nf3 Nf6 2. g3 g6 3. Bg2 Bg7 4. O-O O-O 5. d4 d5 6. c4 c6 7. Qb3 Nbd7 8. cxd5 cxd5 9. Nc3 Nb6 10. Bf4 Bf5 11. Rac1 Ne4 12. Nb5 Nc4 13. Ne5 Ncd2 14.
Bxd2 Nxd2 15. Qxd5 Nxf1 16. Kxf1 Rc8 17. Rxc8 Qxc8 18.
Nc3 b6 19. Nc6 Qc7 20. Qb5 Be6 21. Qb4 Re8 22. Nb5 Qd7 23. Nbxa7 Bf6 24. h4 Bd5 25. Qxb6 Bxg2+ 26. Kxg2 Qd5+ 27. Kg1 Qxa2 28. Qb5 Ra8 29.
Qb7 Qb1+ 30. Kh2 Re8 31. Qd7 Kf8 32. h5 Qe4 33. e3 Qf3 34. Kg1 Qd1+ 35. Kg2 Qxh5 36.
Nb5 Qxb5 37. e4 Qxb2 38. e5 Bg7 39. Qd5 e6 40. Qd6+ Kg8 41. Qd7 Rf8 42. Ne7+ Kh8 43. Nc6 Qb3 44. Kh2 Qd5 45. Qc7 Qf3 46. Kg1 Qd1+ 47.
Kg2 h5 48. Qd6 Qd3 49. Ne7 Qe4+ 50. Kg1 Ra8 51. Kh2 1-0

[Event "Early-Titled-Tuesday-Blitz-April-16-2024"]
[Site "Chess.com"]
[Date "2024.04.16"]
[Round "6"]
[White "DvaHrasta"]
[Black "LeoWin2012"]
[Result "1-0"]
[WhiteElo "2475"]
[BlackElo "2303"]
[TimeControl "180+1"]
[EndTime "9:08:53 PDT"]
[Termination "DvaHrasta won by checkmate"]

1. c4 Nf6 2. g3 d5 3. cxd5 Qxd5 4. Nf3 Bg4 5. Nc3 Qa5 6. Bg2 Nc6 7. Qb3 Qb6 8. Qa4 Bd7 9. d3 Ne5 10. Qc2 Nxf3+ 11.
Bxf3 Bc6 12. Be3 Qa6 13. Bxc6+ Qxc6 14. O-O Nd5 15. Qd2 Nxc3 16. Rfc1 e6 17. Rxc3 Qd7 18.
Qc2 c6 19. Rc4 Be7 20. a4 O-O 21. a5 a6 22. Bb6 Bf6 23. Raa4 e5 24. Kg2 Qd5+ 25.
e4 Qe6 26. Qb3 g6 27. Rcb4 Qxb3 28. Rxb3 Rfe8 29. Bc7 Re7 30. Bd6 Rd7 31. Bc5 Rad8 32. Rab4 Rxd3 33. Rxd3 Rxd3 34. Rxb7 Bd8 35. b4 f5 36. Ra7 f4 37. f3 Rd2+ 38. Kg1 Rd3 39. Rxa6 Rxf3 40. Ra8 Rd3 41. Bb6 Rd1+ 42. Kg2 Rd2+ 43.
Kf3 fxg3 44. Rxd8+ Rxd8 45. Bxd8 gxh2 46. Kg2 Kf7 47.
a6 c5 48. a7 cxb4 49. a8=Q h1=Q+ 50. Kxh1 b3 51. Qd5+ Ke8 52. Qxb3 Kxd8 53. Qf7 g5 54. Kg2 Kc8 55. Kf3 h6 56. Kg4 Kd8 57. Kf5 Kc8 58. Kxe5 g4 59. Kd6 Kb8 60. Kc6 Ka8 61. Qb7# 1-0

[Event "Early-Titled-Tuesday-Blitz-April-16-2024"]
[Site "Chess.com"]
[Date "2024.04.16"]
[Round "6"]
[White "Nikolakis2014"]
[Black "UNSTOPPABLE_LEGEND"]
[Result "1-0"]
[WhiteElo "2732"]
[BlackElo "2561"]
[TimeControl "180+1"]
[EndTime "9:08:55 PDT"]
[Termination "Nikolakis2014 won by resignation"]

1. Nf3 c5 2. c4 Nc6 3. Nc3 e5 4. e3 Nf6 5. d4 e4 6. Ne5 Be7 7. Be2 O-O 8. O-O Bd6 9. Ng4 Re8 10. Nxf6+ Qxf6 11. Nb5 a6 12. Nxd6 Qxd6 13. dxc5 Qxc5 14. b3 d6 15. Bb2 Bf5 16. Qd2 Rad8 17. Rad1 Ne5 18.
Qd4 Qc7 19. Rd2 Bg6 20. Rfd1 f6 21. Ba3 Qc6 22. h3 Nd3 23. f3 d5 24. c5 h6 25. h4 Kh7 26. Bxd3 exd3 27. h5 Bxh5 28. Rxd3 Bg6 29. Rc3 Re5 30. Bb2 Rde8 31. Rd2 Qe6 32. Kf2 Qf5 33. Qf4 Qh5 34. b4 Qh1 35. Rc1 Qh5 36.
Bxe5 fxe5 37. Qg3 d4 38. exd4 exd4 39. Rxd4 Qf5 40. Rd2 Qe6 41. Qf4 Re7 42. Qd4 Rf7 43.
Re1 Qf5 44. Qe5 Qc8 45. Rd6 a5 46. b5 Rf5 47. Qd4 Rxc5 48. b6 Rc2+ 49. Re2 Rxe2+ 50. Kxe2 Qc2+ 51. Qd2 Qc4+ 52. Kf2 Qc5+ 53. Kg3 Qe5+ 54. Qf4 Qe1+ 55. Kh2 Qe7 56. Qd4 Bf5 57. Rd5 Bc8 58. Qe4+ Qxe4 59. fxe4 Kg6 60. Rd8 Be6 61. Rb8 Bxa2 62.
Rxb7 a4 63. Ra7 Bb1 64. b7 1-0

[Event "Early-Titled-Tuesday-Blitz-April-16-2024"]
[Site "Chess.com"]
[Date "2024.04.16"]
[Round "6"]
[White "GatoRojo150"]
[Black "FuenfgegenWilly"]
[Result "0-1"]
[WhiteElo "2604"]
[BlackElo "2466"]
[TimeControl "180+1"]
[EndTime "9:08:55 PDT"]
[Termination "FuenfgegenWilly won by resignation"]

1. e4 e5 2. Nf3 Nc6 3. Nc3 Nf6 4. Bb5 Bd6 5. d3 a6 6. Ba4 h6 7. a3 Ne7 8. d4 Ng6 9. h4 exd4 10. Qxd4 Qe7 11. Be3 c5 12. Qd2 b5 13. O-O-O Bb8 14.
Nd5 Nxd5 15. Qxd5 bxa4 16. Bxc5 Bf4+ 17. Kb1 d6 18. Qxa8 O-O 19. Bb4 Bh3 20. Qxa6 Bxg2 21. Qd3 Bxh1 22. Rxh1 Ne5 23. Nxe5 Bxe5 24. Rf1 Qxh4 25.
Qe3 Qf4 26. Qd3 Rd8 27. f3 Qf6 28. c3 Qe6 29. Rg1 g6 30. Qd2 Kg7 31. f4 Bf6 32.
Qd3 Qc8 33. f5 g5 34. Rh1 Be5 35. Qh3 Rh8 36. Qf3 f6 37. Rf1 h5 38. Qd3 h4 39.
Qd5 Qg8 40. Qb7+ Qf7 41. Qc6 h3 42. Qb5 h2 43. Rh1 Rh3 44. Qe2 Qh5 45. Qg2 g4 46.
Qe2 Qg5 47. Qa6 g3 48. Qb7+ Kh6 49. Qc8 Kh5 50. Qh8+ Kg4 51. Qe8 g2 52. Qb5 gxh1=Q+ 53. Ka2 Qf3 54. Qc4 h1=Q 55. Qg8 Qhg2 56. Qxg5+ Kxg5 0-1

[Event "Early-Titled-Tuesday-Blitz-April-16-2024"]
[Site "Chess.com"]
[Date "2024.04.16"]
[Round "6"]
[White "GMG"]
[Black "GHANDEEVAM2003"]
[Result "1/2-1/2"]
[WhiteElo "2822"]
[BlackElo "3011"]
[TimeControl "180+1"]
[EndTime "9:08:56 PDT"]
[Termination "Game drawn by repetition"]

1. Nf3 d6 2. d4 g6 3. e4 Bg7 4. Bc4 Nc6 5. O-O Nf6 6. e5 dxe5 7. Nxe5 Nxe5 8. dxe5 Qxd1 9. Rxd1 Ng4 10. f4 Bf5 11. Na3 h5 12. h3 Nh6 13. Nb5 O-O 14. c3 a6 15. Nd4 Rad8 16. Be3 Bc8 17. Bf2 c5 18.
Nf3 b5 19. Bd5 c4 20. Bb6 Rd7 21. e6 Rd6 22. exf7+ Nxf7 23. Bc5 Rd7 24. Ng5 Rxd5 25. Rxd5 Nxg5 26. fxg5 Re8 27. Rad1 Kf7 28. Rd8 Bf5 29. Rxe8 Kxe8 30. Bd4 Bf8 31. Be5 Bd3 32. b4 e6 33.
Re1 Kd7 34. Kf2 Be7 35. h4 Bd8 36. Ke3 Kc6 37. Bd4 Kd5 38. Kf3 Bc7 39. a3 e5 40. Be3 e4+ 41. Kf2 Be5 42. Bd2 Ke6 43. g3 Kf5 44. Re3 Bc7 45. Kg2 Kg4 46. Bc1 Bb8 47. Bd2 Be5 48. Be1 Bd6 49. Bd2 Kf5 50.
Be1 Bc7 51. Bd2 Bb6 52. Bc1 Bxe3 53. Bxe3 Kg4 54. Kf2 Kh3 55. Bd4 Kg4 56. Be3 Kh3 57. Bd4 Kg4 58. Be3 1/2-1/2

[Event "Early-Titled-Tuesday-Blitz-April-16-2024"]
[Site "Chess.com"]
[Date "2024.04.16"]
[Round "6"]
[White "YegoryoCh"]
[Black "NikitaShnadrygin"]
[Result "0-1"]
[WhiteElo "2568"]
[BlackElo "2740"]
[TimeControl "180+1"]
[EndTime "9:08:57 PDT"]
[Termination "NikitaShnadrygin won by resignation"]

1. e4 c5 2. Nf3 e6 3. d4 cxd4 4. Nxd4 Nf6 5. Nc3 Nc6 6. Nxc6 bxc6 7. e5 Nd5 8. Ne4 Qc7 9. f4 Qb6 10. c4 Bb4+ 11. Ke2 Ba6 12. Kf3 f5 13. Nf2 Ne7 14. Be3 Bc5 15. Bxc5 Qxc5 16. Qa4 Bb7 17. h4 Qb6 18.
Qa3 c5+ 19. Kg3 h6 20. Rd1 Rc8 21. Be2 Rg8 22. Rd6 Rc6 23. Rhd1 g5 24. Bh5+ Kf8 25. Rxd7 gxf4+ 26. Kxf4 Rxg2 27. Rd8+ Kg7 28. R1d7 Rc7 29. Nh3 Qc6 30. Bf3 Rg4+ 31. Bxg4 Rxd7 32. Rxd7 Qxd7 33.
Bf3 Qd4+ 34. Kg3 Qxe5+ 35. Kg2 Qe2+ 36. Nf2 Bxf3+ 37. Qxf3 Qxf3+ 38. Kxf3 Nc6 39. Nd3 Kf6 40. Nxc5 Ne5+ 41. Kf4 Nxc4 42. Nd7+ Ke7 43. Ne5 Nxe5 44. Kxe5 h5 45. b4 Kd7 46. a4 a6 47. Kf4 Kd6 48. Kg5 Kd5 49. Kxh5 e5 50. Kg5 e4 51. Kf4 e3 52. h5 e2 53. h6 e1=Q 54. h7 Qh4+ 55. Kxf5 Qxh7+ 0-1

[Event "Early-Titled-Tuesday-Blitz-April-16-2024"]
[Site "Chess.com"]
[Date "2024.04.16"]
[Round "6"]
[White "xasid81"]
[Black "DeArron_Fox"]
[Result "0-1"]
[WhiteElo "2622"]
[BlackElo "2533"]
[TimeControl "180+1"]
[EndTime "9:08:57 PDT"]
[Termination "DeArron_Fox won by checkmate"]

1. e4 c5 2. Nf3 e6 3. b3 d6 4. Bb2 Nf6 5. Bb5+ Bd7 6. Bxd7+ Nbxd7 7. d3 Be7 8. O-O O-O 9. Nbd2 b5 10. a4 a6 11. e5 dxe5 12. Nxe5 Nxe5 13. Bxe5 Qd5 14.
Bb2 h6 15. Qf3 Qxf3 16. Nxf3 Nd5 17. Rfc1 Rfc8 18. Kf1 Rab8 19. Be5 Rb7 20. axb5 axb5 21.
Nd2 f6 22. Bb2 Rbb8 23. g3 Ra8 24. Ke2 Kf7 25. c3 Nb6 26. c4 bxc4 27. dxc4 Nd7 28. Ne4 f5 29. Nd2 Bf6 30. Bxf6 Nxf6 31. f4 Re8 32. Nf3 Nd7 33. Rd1 Ke7 34. Kd3 Rxa1 35. Rxa1 Rb8 36. Kc3 Rb7 37. Ra6 Kf6 38. Rd6 g5 39.
fxg5+ hxg5 40. h4 gxh4 41. gxh4 Ne5 42. Ng5 Re7 43. Rd8 f4 44. Rf8+ Nf7 45. Kd3 e5 46. Ne4+ Kg7 47. Rb8 Rd7+ 48. Ke2 Rd4 49. Nxc5 Kf6 50.
Rb6+ Kf5 51. Rb5 e4 52. h5 Ne5 53. h6 Rd6 54. h7 f3+ 55. Kf2 Rd2+ 56. Kg3 Rg2+ 57.
Kh3 Kf4 58. h8=Q Rg3+ 59. Kh2 Ng4+ 60. Kh1 Nf2+ 61. Kh2 Rg2# 0-1

[Event "Early-Titled-Tuesday-Blitz-April-16-2024"]
[Site "Chess.com"]
[Date "2024.04.16"]
[Round "6"]
[White "shirovin"]
[Black "RamyresCoelho"]
[Result "0-1"]
[WhiteElo "2044"]
[BlackElo "2296"]
[TimeControl "180+1"]
[EndTime "9:08:58 PDT"]
[Termination "RamyresCoelho won on time"]

1. e4 c5 2. Nf3 d6 3. d4 cxd4 4. Nxd4 Nf6 5. Nc3 a6 6. Be3 e6 7.
f3 b5 8. g4 b4 9. Nce2 Bb7 10. g5 Nfd7 11. Qd2 Nb6 12. Ng3 N8d7 13. O-O-O Rc8 14. Kb1 Nc4 15. Bxc4 Rxc4 16. Qd3 d5 17.
Rhe1 Ne5 18. Qe2 Be7 19. f4 Ng6 20. exd5 Bxd5 21. f5 Nh4 22. fxe6 O-O 23. Ndf5 Nxf5 24. Nxf5 fxe6 25. Nd4 Bxg5 26. Rg1 Bxe3 27. Qxe3 Qf6 28. b3 Rc3 29. Qd2 Be4 30. Rde1 Bf5 31. Nxf5 exf5 32. Qd5+ Kh8 33. Re6 Qd8 34. Qe5 Rc7 35.
h4 Rd7 36. h5 Rd1+ 37. Rxd1 Qxd1+ 38. Kb2 Qxh5 39. Re7 Qg6 40. Re6 Qf7 41. Re7 Qf6 42. Qxf6 gxf6 43. Re3 Rd8 44. Rf3 Rd5 45. Rf4 a5 46. a3 bxa3+ 47. Kxa3 Kg7 48. c4 Re5 49. Ka4 Kg6 50. b4 axb4 51. Kxb4 Kg5 52. Rf1 f4 53. c5 Re4+ 54. Kb5 Re5 55. Kb6 Kg4 56. c6 Re6 57. Kb7 f3 58. c7 Re7 59. Kb8 Rxc7 60. Kxc7 Kg3 61. Rg1+ Kh2 62. Ra1 f2 63. Kd6 Kg2 64. Ke6 h5 65. Kxf6 h4 66. Kg5 h3 67. Kg4 h2 68. Kf4 h1=Q 0-1

[Event "Early-Titled-Tuesday-Blitz-April-16-2024"]
[Site "Chess.com"]
[Date "2024.04.16"]
[Round "6"]
[White "ATM622"]
[Black "ferdipy"]
[Result "0-1"]
[WhiteElo "2447"]
[BlackElo "2294"]
[TimeControl "180+1"]
[EndTime "9:09:01 PDT"]
[Termination "ferdipy won on time"]

1. d4 e5 2. dxe5 d6 3. Nf3 Nc6 4. e4 Bg4 5. Nc3 dxe5 6. Bb5 Qxd1+ 7. Nxd1 O-O-O 8. Bxc6 bxc6 9. Ne3 Bxf3 10. gxf3 g6 11. Ke2 Ne7 12. Nc4 f6 13. Be3 Kb7 14. Rad1 Bg7 15.
Bc5 Nc8 16. b4 f5 17. a4 Nb6 18. Na5+ Ka6 19. Nxc6 Rxd1 20. b5+ Kb7 21. Rxd1 Nxa4 22.
Bb4 a6 23. c4 Nb2 24. Rd7 Bh6 25. Bd6 Nxc4 26. Bxc7 axb5 27. Ne7 Ka6 28. exf5 gxf5 29. Nxf5 Bf4 30. h4 h5 31. Kd3 Rf8 32. Nd6 Nxd6 33.
Bxd6 Rc8 34. Ke4 Rc4+ 35. Kd5 Rc2 36. Ke6 Kb6 37. Rd8 Ka5 38. Ra8+ Kb6 39. Rb8+ Ka6 40. Kd7 Rd2 41. Ke6 Rxd6+ 42. Kf5 Rb6 43. Ra8+ Kb7 44. Ra3 b4 45. Rb3 Ka6 46. Ke4 Ka5 47. Kd5 Ka4 48. Rb1 b3 49. Kc5 Rb5+ 50. Kc4 Rb4+ 51. Kc5 b2 0-1

[Event "Early-Titled-Tuesday-Blitz-April-16-2024"]
[Site "Chess.com"]
[Date "2024.04.16"]
[Round "6"]
[White "lefonghua"]
[Black "Kirill_Klukin"]
[Result "0-1"]
[WhiteElo "2588"]
[BlackElo "2824"]
[TimeControl "180+1"]
[EndTime "9:09:06 PDT"]
[Termination "Kirill_Klukin won by resignation"]

1. d4 Nf6 2. c4 Nc6 3. f3 e5 4. d5 Bb4+ 5. Bd2 Bxd2+ 6. Qxd2 Ne7 7. e4 d6 8. Bd3 O-O 9. Ne2 c5 10. O-O a6 11. a3 Nd7 12. b4 f5 13. Kh1 b6 14.
Nbc3 Nf6 15. Rab1 fxe4 16. fxe4 Qc7 17. Ng3 Bd7 18. b5 axb5 19. Nxb5 Bxb5 20. Rxb5 Rxa3 21. Rfb1 Ng4 22. Be2 h5 23. Bxg4 hxg4 24. Qg5 Rf6 25.
Qxg4 Rg6 26. Qd1 Rh6 27. Kg1 Nc8 28. Qg4 Rf6 29. Nf5 Kf8 30. Rxb6 Nxb6 31. Rxb6 Ra1+ 32. Kf2 g6 33. Qg5 Rxf5+ 34. exf5 Qxb6 35. Qf6+ Ke8 36. Qe6+ Kd8 37. f6 Qb2+ 38. Kg3 Ra3+ 39. Kh4 Qf2+ 40. Kg5 Qxg2+ 41. Kh6 Qxh2+ 42. Kg7 Ra7+ 43. f7 Qh4 44. Qe8+ Kc7 45. f8=Q Kb6+ 46. Qff7 Rxf7+ 47. Kxf7 Qxc4 48. Qb8+ Ka5 49. Qxd6 e4 50. Qe6 Kb4 51. d6 e3 52. d7 e2 53. Qxc4+ Kxc4 54. d8=Q e1=Q 55.
Kxg6 Qg1+ 56. Kh7 Qh2+ 57. Kg8 Qg3+ 58. Kh7 Qh3+ 59. Kg8 Qg4+ 60. Kf8 Qf5+ 61. Kg8 Qd5+ 0-1

[Event "Early-Titled-Tuesday-Blitz-April-16-2024"]
[Site "Chess.com"]
[Date "2024.04.16"]
[Round "6"]
[White "CrazyMartian"]
[Black "CrushingKings"]
[Result "0-1"]
[WhiteElo "2366"]
[BlackElo "2601"]
[TimeControl "180+1"]
[EndTime "9:09:06 PDT"]
[Termination "CrushingKings won by resignation"]

1. d4 g6 2. h4 Nf6 3. h5 Nxh5 4. e4 Ng7 5. c4 c6 6. Nc3 d6 7. Nf3 Bg4 8. Be2 Nd7 9. Bg5 Qc7 10. Qd2 e5 11. d5 f6 12. Be3 c5 13. O-O-O a6 14. Kb1 O-O-O 15. Rc1 Kb8 16. Qc2 Be7 17. Ne1 Bxe2 18.
Qxe2 f5 19. f3 Nh5 20. Qc2 Ng3 21. Rg1 Rdf8 22. Nd3 fxe4 23. Nxe4 Nxe4 24. fxe4 Qd8 25. a3 Bg5 26. Bxg5 Qxg5 27. b4 Qe3 28. Rge1 Qd4 29.
Ka2 Rf7 30. Rb1 cxb4 31. Rxb4 a5 32. Rb5 Rc8 33. Reb1 Nc5 34. Nxc5 Rxc5 35. R1b2 Rxb5 36. cxb5 Rc7 37. Qe2 Rc3 38. b6 Qc5 39. Qf1 Rxa3+ 40. Kb1 Qc8 41. Qf6 Rc3 42. Qxd6+ Ka8 43. Qe7 Rc1+ 44.
Ka2 Qc4+ 45. Rb3 Qc2+ 46. Rb2 Qa4+ 47. Qa3 Ra1+ 48. Kxa1 Qxa3+ 49. Kb1 Qd3+ 50. Kc1 Qxe4 51. Rd2 Qc4+ 52. Kd1 Qb3+ 53. Ke2 Qxb6 54. d6 Qd8 55. d7 b5 56. Ke3 Kb7 57. Ke4 Kc6 58. Rd5 Qxd7 0-1